 Dungeon Crawl Stone Soup version 0.30.0-10-gfe55d96785 (webtiles) character file.

Game seed: 8148541284883710045

456 H0rd4k the Charlatan (level 7, -4/52 HPs)
             Began as a Human Artificer on May 16, 2023.
             Slain by a phantom (8 damage)
             ... on level 5 of the Dungeon.
             The game lasted 00:04:54 (3456 turns).

H0rd4k the Charlatan (Human Artificer)              Turns: 3456, Time: 00:04:55

Health: -4/52      AC: -3    Str: 12    XL:     7   Next: 27%
Magic:  2/2        EV: 12    Int: 19    God:
Gold:   211        SH:  0    Dex: 14    Spells: 6/6 levels left

rFire   . . .        e - +1 mace (antimagic)
rCold   . . .        (no shield)
rNeg    + . .        b - +0 leather armour
rPois   .            (no helmet)
rElec   .            (no cloak)
rCorr   .            A - +0 pair of gloves {hurl}
SInv    .            (no boots)
Will    .....        (no amulet)
Stlth   ++           i - +6 ring of intelligence
HPRegen 0.28/turn    F - ring of positive energy
MPRegen 0.08/turn

%: no passive effects
@: corroded
A: no striking features
a: no special abilities


You were on level 5 of the Dungeon.
You visited 2 branches of the dungeon, and saw 6 of its levels.

You collected 211 gold pieces.

Inventory:

Hand Weapons
 e - a +1 antimagic mace (weapon)
 G - a +0 spear of flaming
Missiles
 g - 7 poisoned darts
 v - 3 throwing nets
Armour
 b - a +0 leather armour (worn)
 A - a +0 pair of gloves of hurling (worn)
Magical Staves
 x - a staff of conjuration
Jewellery
 h - a ring of ice
 i - a +6 ring of intelligence (left hand)
 j - a ring of fire
 F - a ring of positive energy (right hand)
 J - a +5 ring of evasion
Wands
 c - a wand of flame (3) (quivered)
 d - a wand of charming (8)
 w - a wand of quicksilver (14)
Scrolls
 f - a scroll of amnesia {unknown}
 k - a scroll of silence {unknown}
 n - 3 scrolls of teleportation {unknown}
 o - 3 scrolls of fear {unknown}
 r - a scroll of immolation {unknown}
 t - 3 scrolls of noise {unknown}
 u - a scroll of blinking {unknown}
 y - a scroll of fog {unknown}
 B - a scroll of enchant armour {unknown}
Potions
 a - a potion of berserk rage {unknown}
 l - 2 potions of magic {unknown}
 m - 3 potions of curing {unknown}
 p - a potion of lignification {unknown}
 q - 3 potions of mutation {unknown}
 s - 2 potions of degeneration {unknown}
 z - a potion of haste {unknown}
 C - a potion of flight {unknown}
 D - a potion of invisibility {unknown}
 E - a potion of brilliance {unknown}
 H - a potion of ambrosia {unknown}
 I - a potion of resistance {unknown}


   Skills:
 + Level 3.3 Fighting
 - Level 3.3 Maces & Flails
 - Level 2.0 Armour
 + Level 3.1 Dodging
 + Level 2.4 Stealth
 + Level 4.4 Evocations


You had 6 spell levels left.
You didn't know any spells.
Your spell library contained the following spells:

 Spells                   Type           Power      Damage    Failure   Level
 Freeze                   Ice            0%         1d3       26%         1
 Slow                     Hex            0%         N/A       26%         1
 Cigotuvi's Dreadful Rot  Necr/Pois/Air  0%         N/A       36%         2
 Inner Flame              Hex/Fire       0%         N/A       61%         3


Dungeon Overview and Level Annotations

Branches:
Dungeon (5/15)             Temple (1/1) D:4

Altars:
Ashenzari
Dithmenos
Elyvilon
Hepliaklqana
Kikubaaqudgha
Nemelex Xobeh
Qazlal
Trog
Uskayaw
Wu Jian
Xom
Yredelemnul

Shops:
D:1 *((?*   D:3 *


Message History

Your orc priest hits the phantom with a +0 mace.
A jelly comes into view.
The jelly quivers.
Your orc priest hits the phantom with a +0 mace.
The phantom barely misses your orc priest.
Something closely misses the phantom.
Your orc priest barely misses the phantom.
You hit the jelly. The acid corrodes you!
Your hands burn!
The jelly is lightly wounded.
The phantom closely misses you. The jelly hits you.
You are splashed with acid!
You hit the jelly.
Your hands burn!
The jelly is moderately wounded.
The phantom barely misses you.
Your orc priest hits the phantom with a +0 mace!
The jelly hits you.
You are splashed with acid.
You hit the jelly. The acid corrodes you!
Your hands burn!
The jelly is heavily wounded.
The phantom hits your orc priest. The jelly closely misses you.
Your orc priest closely misses the phantom.
You hit the jelly.
Your hands burn!
The jelly is severely wounded.
The phantom hits your orc priest. The jelly hits you.
You are splashed with acid!
Your orc priest barely misses the phantom.
You hit the jelly but do no damage.
Your hands burn!
* * * LOW HITPOINT WARNING * * *
You punch the jelly, but do no damage.
The jelly is severely wounded.
The phantom hits your orc priest.
Your orc priest dies!
The jelly closely misses you. The jelly hits you.
* * * LOW HITPOINT WARNING * * *
You are splashed with acid!
* * * LOW HITPOINT WARNING * * *
The phantom barely misses you.
Aiming: Charm
Press: ? - help, Shift-Dir - straight line, f - jelly
Aim: a jelly (severely wounded, chance to affect: 68%)
The jelly is charmed.
The phantom hits you!
You die...

##.......###)#
#......##
#.....#####
#..........
#.....####.
#.....###
#w........
####J########
#.)W@# #.#####
#..oW.#
#####..#
##...# ##..#
#... .... ...


You could see a phantom, a dart slug and a friendly jelly (charmed).

Vanquished Creatures
  2 black bears (D:4)
  A hound (D:4)
  An iguana (D:4)
  An orc wizard (D:4)
  8 gnolls (D:2)
  5 adders
  2 worms
  4 dart slugs
  2 orcs
  5 endoplasms
  2 giant cockroaches
  4 goblins
  2 hobgoblins (D:3)
  7 jackals (D:4)
  6 quokkas
  9 ball pythons
  3 bats
  6 kobolds
  4 rats
74 creatures vanquished.

Vanquished Creatures (collateral kills)
  5 orcs
  A hobgoblin (D:4)
  A quokka (D:5)
7 creatures vanquished.

Vanquished Creatures (others)
  An ogre (D:5)
  A scorpion (D:4)
  An orc priest (D:5)
3 creatures vanquished.

Grand Total: 84 creatures vanquished

Notes
Turn   | Place    | Note
-------+----------+-------------------------------------------
     0 | D:1      | H0rd4k the Human Artificer began the quest for the Orb.
     0 | D:1      | Reached XP level 1. HP: 15/15 MP: 1/1
    30 | D:1      | Found Faihul Qiggu's General Store.
   269 | D:1      | Reached XP level 2. HP: 5/21 MP: 2/2
   356 | D:1      | Found Omang's Antique Weapon Boutique.
   473 | D:1      | Found Mizoppocwa's Weapon Shop.
   593 | D:1      | Found Imoduw's Magic Scroll Shop.
   595 | D:1      | Found Xuevviyx's General Store.
  1066 | D:1      | HP: 1/21 [worm (7)]
  1086 | D:1      | Reached XP level 3. HP: 7/26 MP: 3/3
  1235 | D:2      | Reached skill level 1 in Maces & Flails
  1235 | D:2      | Reached XP level 4. HP: 32/32 MP: 4/4
  1274 | D:2      | Reached XP level 5. HP: 38/38 MP: 5/5
  1485 | D:2      | Found a shadowy altar of Dithmenos.
  1782 | D:2      | Reached skill level 4 in Evocations
  1808 | D:2      | Found a faded altar of an unknown god.
  1813 | D:2      | Got Plato's Elucidation of Hail
  2453 | D:3      | Found Enucasip's General Store.
  2613 | D:4      | Reached XP level 6. HP: 40/44 MP: 2/6
  2665 | D:4      | Noticed a black bear
  2675 | D:4      | Killed a black bear
  3286 | D:4      | Noticed a black bear
  3289 | D:4      | Killed a black bear
  3290 | D:4      | Reached XP level 7. HP: 52/52 MP: 2/7
  3343 | D:4      | Found a staircase to the Ecumenical Temple.
  3350 | D:4      | Got the Anthology of the Panacea and Hexes
  3361 | Temple   | Entered the Ecumenical Temple
  3416 | D:5      | Entered Level 5 of the Dungeon
  3456 | D:5      | Slain by a phantom

Illustrated notes

Levels and vault maps discovered:
D:1:      psy_arrival_terrarium, layout_basic, serial_shops,
          nicolae_shop_crystal, nicolae_shop_tiny_waterfront,
          nicolae_lakefront_shop, shop, nicolae_shop_window_shopping
D:2:      layout_rooms, shapermc_ecumenical_altar_rom_forum, basic_altar
D:3:      layout_rooms, serial_shops, nicolae_shop_real_fake_doors, st_stairs_4
D:4:      layout_rooms, minmay_temple_entry_offerings
D:5:      layout_rooms, nicolae_shop_firing_range, uniq_grinder, uniq_sigmund,
          uniq_menkaure
Temple:   minmay_freezing_vapour_temple

Skill      XL: |  1  2  3  4  5  6 |
---------------+-------------------+-----
Maces & Flails | 1 2 3 |  3.3
Dodging        | 2 3 |  3.1
Evocations     | 4 |  4.4
Fighting       | 2 3 |  3.3
Stealth        | 2 |  2.4
Armour         | |  2.0

Action                     |  1- 3 |  4- 6 |  7- 9 || total
---------------------------+-------+-------+-------++-------
  Melee: Club              |    84 |     8 |       ||    92
         Mace              |       |   165 |     5 ||   170
         Punch             |       |       |     1 ||     1
  Evoke: Wand              |     6 |    24 |     5 ||    35
   Stab: Sleeping          |     2 |     1 |       ||     3
 Armour: Leather armour    |    34 |    68 |     1 ||   103
  Dodge: Dodged            |    68 |   132 |     7 ||   207
